 Dungeon Crawl Stone Soup version 0.20.0-15-g7f486f2 (webtiles) character file.

2025 renl the Cleaver (level 9, -1/54 HPs)
             Began as a Gargoyle Monk on July 1, 2017.
             Was an Elder of Ashenzari.
             Slain by a killer bee (5 damage)
             ... on level 7 of the Dungeon.
             The game lasted 00:20:02 (4779 turns).

renl the Cleaver (Gargoyle Monk)                    Turns: 4779, Time: 00:20:02

Health: -1/54      AC: 11    Str: 19    XL:     9   Next: 23%
Magic:  9/9        EV: 11    Int: 10    God:    Ashenzari [****..]
Gold:   303        SH:  0    Dex: 12    Spells: 8/8 levels left

rFire    . . .     SeeInvis +   A - +6 scythe (venom)
rCold    . . .     Gourm    .   (shield currently unavailable)
rNeg     + . .     Faith    .   p - +0 ring mail (curse)
rPois    ∞         Spirit   .   (no helmet)
rElec    +         Reflect  .   (no cloak)
rCorr    .         Harm     .   (no gloves)
MR       .....     Clarity  +   (no boots)
Stlth    +.........             (no amulet)
Regen    0.2/turn               e - +2 ring of slaying (curse)
MPRegen  0.2/turn               u - +3 ring of slaying (curse)

@: hasted, very quick
A: negative energy resistance 1, electricity resistance, unbreathing,
petrification resistance, rot immunity, AC +5
a: Curse Item, Scrying, Renounce Religion


You were on level 7 of the Dungeon.
You worshipped Ashenzari.
Ashenzari was greatly pleased with you.
You were not hungry.

You visited 1 branch of the dungeon, and saw 7 of its levels.

You collected 303 gold pieces.

Inventory:

Hand Weapons
 a - a +0 hand axe
 A - a +6 scythe of venom (weapon)
Armour
 m - a +0 leather armour of fire resistance
 p - a cursed +0 ring mail (worn)
 y - a cursed +0 chain mail
Jewellery
 e - a cursed +2 ring of slaying (left hand)
 u - a cursed +3 ring of slaying (right hand)
 v - a +3 ring of dexterity
Wands
 i - a wand of polymorph (3/24)
 C - a wand of flame (19/48)
 G - a wand of disintegration (17/24)
Scrolls
 b - 5 scrolls of identify {unknown}
 d - 3 scrolls of enchant weapon {unknown}
 k - a scroll of amnesia {unknown}
 l - 3 scrolls of magic mapping {unknown}
 n - 6 scrolls of teleportation {unknown}
 s - 5 scrolls of remove curse
 t - a scroll of enchant armour {unknown}
 w - 4 scrolls of immolation {unknown}
 x - a scroll of recharging {unknown}
 D - a scroll of blinking {unknown}
 F - a scroll of fog {unknown}
 L - a scroll of silence {unknown}
 M - a scroll of brand weapon {unknown}
Potions
 f - a potion of heal wounds
 h - a potion of agility {unknown}
 j - a potion of magic {unknown}
 q - 6 potions of curing {unknown}
 r - a potion of flight {unknown}
 E - a potion of degeneration {unknown}
 H - 2 potions of ambrosia {unknown}
 J - a potion of brilliance {unknown}
Books
 g - a book of Misfortune

   Spells                             Type                      Level
   a - Confusing Touch                Hexes                        1
   b - Confuse                        Hexes                        3
   c - Gell's Gravitas                Translocation                3
   d - Petrify                        Transmutation/Earth          4
   e - Metabolic Englaciation         Hexes/Ice                    5
   f - Yara's Violent Unravelling     Hexes/Transmutation          5
Comestibles
 c - 6 bread rations
 o - 2 royal jellies
 z - 2 meat rations
 I - 13 chunks of flesh
 K - 4 fruits


   Skills:
 + Level 5.5 Fighting
 * Level 9.7 Axes
 + Level 4.7 Armour
 - Level 2.4 Dodging
 - Level 2.1 Stealth


You had 8 spell levels left.
You didn't know any spells.

Dungeon Overview and Level Annotations

Branches:
Dungeon (7/15)             Temple (0/1) D:6

Altars:
Ashenzari
Fedhas
Makhleb
Okawaru
Qazlal
Sif Muna
Uskayaw

Shops:
D:4 (


Innate Abilities, Weirdness & Mutations

You are resistant to torment.
Your stone body is resilient. (AC +5)
You are immune to poison.
You resist negative energy. (rN+)
You are resistant to electric shocks. (rElec)
You can survive without breathing.
You are immune to petrification.
You are immune to rotting.


Message History

The orc wizard mumbles some strange words.
The orc wizard flickers and vanishes for a moment.
The killer bee stings you.
* * * LOW HITPOINT WARNING * * *
The killer bee stings you but does no damage.
You hit the killer bee.
The killer bee is poisoned.
The killer bee is moderately wounded.
The killer bee barely misses you. The killer bee stings you.
* * * LOW HITPOINT WARNING * * *
The killer bee misses you. The killer bee barely misses you.
You slash the killer bee!
You kill the killer bee!
The killer bee closely misses you. x2
The killer bee stings you but does no damage.
The killer bee stings you.
* * * LOW HITPOINT WARNING * * *
You miss the killer bee.
The killer bee is almost dead.
The killer bee stings you.
You die...

,...., *, , **,....## ,,
......###### *, ,,,
....#....# ,,, , , ,,
,.......# *** * * ,,,,∆
#.o...# * **,
**#ooo.######,* ,
#######yyo.).... ***
#......@#....... ,
#....)..#....... *,,,
#......###....#...., ,,
#......##*#.......**..
#.......# ##..... #..,,
#.......## #..........
#........# ##...#..... ,
#......#.###..#.#....###
########................


You could see 2 killer bees, an orc wizard (invisible) and 4 orcs.

Vanquished Creatures
  Sigmund (D:4)
  2 ice beasts (D:7)
  A sky beast (D:5)
  A phantom (D:6)
  A necrophage (D:6)
  An ogre (D:7)
  A centaur (D:6)
  2 bullfrogs
  A wyvern skeleton (D:7)
  A scorpion (D:7)
  A water moccasin skeleton (D:7)
  2 killer bees (D:7)
  3 crimson imps
  2 howler monkeys (D:5)
  4 hounds
  A bullfrog zombie (D:5)
  2 bullfrog skeletons
  A centaur skeleton (D:4)
  2 jellies
  2 orc wizards
  Terence (D:3)
  3 iguanas
  2 worker ants
  7 gnolls
  3 adders
  A shadow imp (D:6)
  6 worms
  A dart slug (D:1)
  5 leopard geckos
  14 orcs
  A giant cockroach (D:7)
  4 goblins
  6 hobgoblins
  7 jackals
  8 kobolds
  6 quokkas
  A ball python (D:1)
  5 bats
  4 frilled lizards
  A jackal skeleton (D:4)
  2 rats
120 creatures vanquished.

Notes
Turn   | Place    | Note
-------+----------+-------------------------------------------
     0 | D:1      | renl the Gargoyle Monk began the quest for the Orb.
     0 | D:1      | Reached XP level 1. HP: 14/14 MP: 1/1
    87 | D:1      | Reached skill level 3 in Axes
   158 | D:1      | Reached XP level 2. HP: 15/19 MP: 2/2
   873 | D:2      | Reached XP level 3. HP: 19/23 MP: 3/3
   900 | D:2      | Found a faded altar of an unknown god.
   905 | D:2      | Became a worshipper of Ashenzari the Shackled
   905 | D:2      | Reached * piety under Ashenzari
   905 | D:2      | Reached ** piety under Ashenzari
  1306 | D:2      | Reached *** piety under Ashenzari
  1462 | D:3      | Noticed Terence
  1474 | D:3      | Killed Terence
  1474 | D:3      | Reached skill level 4 in Axes
  1474 | D:3      | Reached XP level 4. HP: 29/29 MP: 4/4
  1673 | D:3      | Found a blossoming altar of Fedhas.
  1751 | D:3      | Found an iron altar of Okawaru.
  1779 | D:3      | Reached skill level 1 in Armour
  1779 | D:3      | Reached XP level 5. HP: 25/33 MP: 5/5
  2434 | D:4      | Reached skill level 5 in Axes
  2493 | D:4      | Noticed Sigmund
  2587 | D:4      | Reached XP level 6. HP: 37/38 MP: 6/6
  2671 | D:4      | Found Nilaex's Antique Weapon Emporium.
  2694 | D:4      | Killed Sigmund
  2694 | D:4      | Reached skill level 6 in Axes
  2876 | D:4      | Found a burning altar of Makhleb.
  2876 | D:4      | Found a deep blue altar of Sif Muna.
  2881 | D:4      | Found a hide-covered altar of Uskayaw.
  2883 | D:4      | Found a shattered altar of Ashenzari.
  2885 | D:4      | Found a stormy altar of Qazlal.
  2987 | D:5      | Entered Level 5 of the Dungeon
  3156 | D:5      | Noticed a sky beast
  3171 | D:5      | Killed a sky beast
  3171 | D:5      | Reached XP level 7. HP: 44/44 MP: 7/7
  3546 | D:5      | Reached skill level 7 in Axes
  3686 | D:6      | Reached **** piety under Ashenzari
  3702 | D:6      | Reached XP level 8. HP: 27/48 MP: 8/8
  4093 | D:6      | Reached skill level 8 in Axes
  4107 | D:6      | Found a staircase to the Ecumenical Temple.
  4238 | D:7      | Reached skill level 5 in Fighting
  4591 | D:7      | Reached skill level 9 in Axes
  4648 | D:7      | Reached XP level 9. HP: 54/54 MP: 9/9
  4779 | D:7      | Slain by a killer bee

Skill      XL: |  1  2  3  4  5  6  7  8 |
---------------+-------------------------+-----
Axes           | 3 4 5 6 7 9 |  9.7
Fighting       | 4 5 |  5.5
Armour         | 1 2 3 4 |  4.7
Dodging        | |  2.4
Stealth        | |  2.1

Action                   |  1- 3 |  4- 6 |  7- 9 || total
-------------------------+-------+-------+-------++-------
Melee: Hand axe          |   129 |   137 |   149 ||   415
       Scythe            |       |       |    52 ||    52
Invok: Curse Item        |     1 |     1 |       ||     2
  Use: Potion            |       |       |     1 ||     1
 Stab: Sleeping          |     1 |       |       ||     1
  Eat: Chunk             |     1 |     6 |     6 ||    13
Armor: Robe              |    15 |       |       ||    15
       Ring mail         |     9 |    45 |   114 ||   168
       Leather armour    |    18 |       |       ||    18
       Skin              |     6 |       |       ||     6
Dodge: Dodged            |   106 |    72 |   159 ||   337
